 Dungeon Crawl Stone Soup version 0.24.0-37-gcf1ca852f1 (webtiles) character file.

Game seed: 11157134531351259037, levelgen mode: deterministic

147 FishyPogo the Skirmisher (level 5, -3/59 HPs)
             Began as an Ogre Berserker on Dec 7, 2019.
             Was a Believer of Trog.
             Slain by a gnoll
             ... wielding a +0 flail
              (13 damage)
             ... on level 3 of the Dungeon.
             The game lasted 00:05:20 (1551 turns).

FishyPogo the Skirmisher (Ogre Berserker)           Turns: 1551, Time: 00:05:20

Health: -3/59      AC:  3    Str: 22    XL:     5   Next: 29%
Magic:  5/5        EV: 10    Int:  8    God:    Trog [**....]
Gold:   102        SH:  0    Dex:  8    Spells: 4/4 levels left

rFire    . . .     SeeInvis .   a - +0 hand axe
rCold    . . .     Gourm    .   (no shield)
rNeg     + . .     Faith    .   b - +0 animal skin
rPois    .         Spirit   .   (helmet restricted)
rElec    .         Reflect  .   (no cloak)
rCorr    .         Harm     .   (gloves unavailable)
MR       .....                  (boots unavailable)
Stlth    +.........             (no amulet)
HPRegen  0.19/turn              l - ring of positive energy
MPRegen  0.09/turn              (no ring)

@: berserk cooldown, slowed, very slow
A: large, unfitting armour, tough skin 1
a: Berserk, Trog's Hand, Renounce Religion


You were on level 3 of the Dungeon.
You worshipped Trog.
Trog was pleased with you.
You were near starving.

You visited 1 branch of the dungeon, and saw 3 of its levels.

You collected 102 gold pieces.

Inventory:

Hand Weapons
 a - a +0 hand axe (weapon)
Missiles
 e - 39 stones (quivered)
 g - 12 poisoned darts
Armour
 b - a +0 animal skin (worn)
Jewellery
 l - a ring of positive energy (left hand)
Scrolls
 h - 3 scrolls of identify {unknown}
 j - a scroll of remove curse {unknown}
 m - a scroll of immolation {unknown}
 n - a scroll of magic mapping {unknown}
Potions
 d - a potion of haste {unknown}
 f - 4 potions of curing {unknown}
 k - a potion of magic {unknown}
Comestibles
 c - 3 rations
 i - 6 chunks of flesh


   Skills:
 * Level 5.7 Fighting
 + Level 3.9 Axes
 * Level 3.7 Dodging


You had 4 spell levels left.
You didn't know any spells.
Your spell library was empty.

Dungeon Overview and Level Annotations

Branches:
Dungeon (3/15)

Altars:
Cheibriados
Kikubaaqudgha
Ru
Wu Jian
Zin


Innate Abilities, Weirdness & Mutations

You are too large for most types of armour.
You have tough skin. (AC +1)


Message History

The gnoll is heavily wounded.
The gnoll closely misses you. The gnoll hits you with a +0 flail.
You barely miss the gnoll.
The gnoll is heavily wounded.
The gnoll hits you with a +0 flail.
You hit the gnoll.
The gnoll is severely wounded.
The gnoll hits you with a +0 flail! The gnoll closely misses you.
You barely miss the gnoll.
The gnoll is severely wounded.
The gnoll hits you with a +0 flail.
* * * LOW HITPOINT WARNING * * *
You barely miss the gnoll.
The gnoll is severely wounded.
The gnoll hits you with a +0 flail.
* * * LOW HITPOINT WARNING * * *
You hit the gnoll.
The gnoll is severely wounded.
The gnoll hits you with a +0 flail!
You die...

#### _#.## .#._#
# ....# #. #
..._#
#.###.######.##.#
.#..#
..........@g....#
.####
....>#.####.####
###### .## #.# ..
.#...# #.# ##
...### #.# #.##
#.# #.# #.# #.#
#.# #.# #.#


You could see a gnoll.

Vanquished Creatures
  A hound skeleton (D:3)
  2 gnolls (D:3)
  5 adders
  2 worms (D:2)
  3 leopard geckos
  5 bats
  3 giant cockroaches
  5 goblins
  9 hobgoblins
  7 jackals (D:2)
  3 quokkas
  A frilled lizard (D:1)
  9 kobolds
  6 rats
61 creatures vanquished.

Notes
Turn   | Place    | Note
-------+----------+-------------------------------------------
     0 | D:1      | FishyPogo the Ogre Berserker began the quest for the Orb.
     0 | D:1      | Reached XP level 1. HP: 24/24 MP: 1/1
   466 | D:1      | Reached XP level 2. HP: 31/33 MP: 2/2
   819 | D:2      | Reached XP level 3. HP: 40/40 MP: 3/3
   945 | D:2      | Reached skill level 5 in Fighting
   945 | D:2      | Reached ** piety under Trog
   950 | D:2      | Reached XP level 4. HP: 43/50 MP: 4/4
  1372 | D:3      | Reached XP level 5. HP: 50/58 MP: 5/5
  1437 | D:3      | Found a sacrificial altar of Ru.
  1441 | D:3      | Found an ornate altar of the Wu Jian Council.
  1456 | D:3      | Found an ancient bone altar of Kikubaaqudgha.
  1456 | D:3      | Found a glowing silver altar of Zin.
  1458 | D:3      | Found a snail-covered altar of Cheibriados.
  1551 | D:3      | Slain by a gnoll

Levels and vault maps discovered:
D:1:      onia_arrival_pentagram, layout_loops_corners, minmay_octomino_j4
D:2:      layout_rooms, serial_bayou_pond_e, minmay_misc_feat_roman
D:3:      layout_loops_ring, xom_redecorated, minitemple

Skill      XL: |  1  2  3 |
---------------+----------+-----
Dodging        | 3 |  3.7
Fighting       | 5 |  5.7
Axes           | |  3.9

Action                   |  1- 3 |  4- 6 || total
-------------------------+-------+-------++-------
Melee: Hand axe          |   101 |    84 ||   185
Invok: Berserk           |     3 |     4 ||     7
 Stab: Sleeping          |     1 |     1 ||     2
  Eat: Chunk             |     2 |     5 ||     7
Armor: Animal skin       |    28 |    19 ||    47
Dodge: Dodged            |    53 |    45 ||    98
